 Dungeon Crawl Stone Soup version 0.25.0-33-gff14898491 (webtiles) character file.

Game seed: 14305987329844152885

31 Peloso the Skirmisher (level 3, -2/29 HPs)
             Began as a Demonspawn Fighter on July 7, 2020.
             Slain by a gnoll
             ... wielding a +0 whip
              (3 damage)
             ... on level 2 of the Dungeon.
             The game lasted 00:01:34 (1379 turns).

Peloso the Skirmisher (Demonspawn Fighter)          Turns: 1379, Time: 00:01:35

Health: -2/29      AC:  9    Str: 23    XL:     3   Next: 7%
Magic:  3/3        EV:  5    Int:  9    God:
Gold:   46         SH:  9    Dex: 12    Spells: 2/2 levels left

rFire    x . .     SeeInvis .   a - +0 long sword
rCold    + . .     Gourm    .   c - +0 kite shield
rNeg     . . .     Faith    .   j - +0 chain mail (curse)
rPois    .         Spirit   .   (no helmet)
rElec    .         Reflect  .   (no cloak)
rCorr    .         Harm     .   (no gloves)
MR       .....                  (no boots)
Stlth    ..........             k - amulet of magic regeneration
HPRegen  0.09/turn              i - +6 ring of strength
MPRegen  0.33/turn              l - ring of ice

@: mighty
A: claws 1
a: no special abilities


You were on level 2 of the Dungeon.
You were not hungry.

You visited 1 branch of the dungeon, and saw 2 of its levels.

You collected 46 gold pieces.

Inventory:

Hand Weapons
 a - a +0 long sword (weapon)
Armour
 b - a +0 scale mail
 c - a +0 kite shield (worn)
 j - a cursed +0 chain mail (worn)
Jewellery
 i - a +6 ring of strength (left claw)
 k - an amulet of magic regeneration (around neck)
 l - a ring of ice (right claw)
Scrolls
 e - 2 scrolls of identify {unknown}
 h - 2 scrolls of teleportation {unknown}
Potions
 d - 2 potions of might
Comestibles
 f - 4 rations


   Skills:
 + Level 3.2 Fighting
 + Level 2.4 Long Blades
 + Level 2.9 Armour
 + Level 3.0 Shields


You had 2 spell levels left.
You didn't know any spells.
Your spell library was empty.

Dungeon Overview and Level Annotations

Branches:
Dungeon (2/15)

Altars:


Innate Abilities, Weirdness & Mutations

You have sharp fingernails.


Message History

The gnoll is almost dead.
The gnoll hits you but does no damage. The gnoll hits you with a +0 flail.
The gnoll completely misses you.
Your shield and chain mail prevent you from hitting the gnoll.
The gnoll is severely wounded.
You block the gnoll's attack. The gnoll hits you with a +0 flail!
* * * LOW HITPOINT WARNING * * *
You hit the gnoll but do no damage.
The gnoll is severely wounded.
The gnoll closely misses you. The gnoll hits you but does no damage.
The gnoll barely misses you.
Okay, then.
You feel very mighty all of a sudden. The gnoll hits you with a +0 flail.
* * * LOW HITPOINT WARNING * * *
The gnoll hits you but does no damage.
You closely miss the gnoll.
The gnoll is severely wounded.
You block the gnoll's attack. The gnoll hits you with a +0 whip.
You die...

######## #......#
#......# #
#......#########$##.##
#.........g@g.........
#......##.#####..)..##
#....[.##... .....#
###########... .......
##......... .....g..
...g... .......


You could see 2 gnolls.

Vanquished Creatures
  An adder (D:2)
  A dart slug (D:2)
  A leopard gecko (D:1)
  A giant cockroach (D:1)
  2 goblins (D:1)
  4 hobgoblins (D:1)
  2 jackals (D:1)
  3 bats (D:1)
  2 frilled lizards (D:1)
  2 rats (D:1)
19 creatures vanquished.

Notes
Turn   | Place    | Note
-------+----------+-------------------------------------------
     0 | D:1      | Peloso the Demonspawn Fighter began the quest for the Orb.
     0 | D:1      | Reached XP level 1. HP: 18/18 MP: 1/1
   172 | D:1      | Gained mutation: You have sharp fingernails. [demonic
                  | ancestry]
   172 | D:1      | Reached XP level 2. HP: 14/24 MP: 2/2
   919 | D:2      | Reached XP level 3. HP: 15/29 MP: 3/3
  1378 | D:2      | HP: 1/29 [gnoll/+0 flail (4)]
  1379 | D:2      | Slain by a gnoll

Illustrated notes

Levels and vault maps discovered:
D:1:      dpeg_arrival_short_road, layout_basic, minmay_misc_feat_x
D:2:      layout_rooms, fedhas_altar_2, chequers_ecumenical_altar_simple

Skill      XL: |  1  2 |
---------------+-------+-----
Long Blades    | 2 |  2.4
Shields        | 3 |  3.0
Fighting       | |  3.2
Armour         | |  2.9

Action                   || total
-------------------------++-------
Melee: Long sword        ||    53
  Use: Potion            ||     1
  Eat: Chunk             ||     1
Armor: Scale mail        ||    26
       Chain mail        ||    11
Dodge: Dodged            ||    20
Block: Kite shield       ||    34
       Rpst.: Long sword ||     8
